cohdb
Replays
Latest Replays
All Replays
Popular Replays
Top Player Replays
Match Explorer
How It Works
Community
CoH3 Stats
Reddit
Sign in to upload your games and track your stats! →
Sign in with Steam
Match 42969956
Unlisted
Match 42969956
Overview
Messages
Build Orders
End
Kradschützen Motorcycle Team
Selects Italian Combined Arms Battlegroup
Selects Bersaglieri Squad
Bersaglieri Squad
Panzergrenadier Squad
Construct Light Support Kompanie
Assault Grenadier Squad
Fire Support Elements
Selects Vehicle Support - Secure Location
Flakvierling Half-track
Selects Vehicle Support - Force Recon
Selects Semovente da 75/18 Assault Gun
Fajolada
Slippery
0
0
Comments
sign in to comment!
No comments posted yet!